 Dungeon Crawl Stone Soup version 0.30-a0-715-gdb4ae3ece1 (webtiles) character file.

Game seed: 7874801055552230094

5335 ragingrage the Cruncher (level 10, -2/67 HPs)
             Began as a Demonspawn Warper on Jan 23, 2023.
             Was a Believer of Qazlal.
             Hit by a javelin thrown by a centaur (15 damage)
             ... in a bailey.
             The game lasted 00:15:27 (11295 turns).

ragingrage the Cruncher (Demonspawn Warper)        Turns: 11295, Time: 00:15:27

Health: -2/67      AC:  5    Str: 14    XL:     10   Next: 38%
Magic:  12/13      EV: 12    Int: 14    God:    Qazlal [**....]
Gold:   277        SH:  2    Dex: 15    Spells: 3/13 levels left

rFire   + . .      SeeInvis .    s - +0 lajatang (spect)
rCold   . . .      Faith    .    (shield currently unavailable)
rNeg    . . .      Spirit   .    e - +0 steam dragon scales
rPois   .          Reflect  .    (helmet restricted)
rElec   .          Harm     .    (no cloak)
rCorr   .          Rampage  .    (no gloves)
Will    .....                    (no boots)
Stlth   ++                       C - amulet of regeneration
HPRegen 1.11/turn                N - ring of wizardry
MPRegen 0.13/turn                u - ring of protection from fire

@: flying (expiring)
A: hooves 2, horns 1, demonic guardian 2, demonic magic 1, demonic touch 1
a: Renounce Religion, Upheaval


You were in a bailey.
You worshipped Qazlal.
Qazlal was pleased with you.
You visited 2 branches of the dungeon, and saw 10 of its levels.
You also visited: Bailey.

You collected 525 gold pieces.
You spent 248 gold pieces at shops.

Inventory:

Hand Weapons
 a - a +0 falchion
 s - a +0 spectral lajatang (weapon)
 G - a +0 rapier
 P - the +8 bardiche "Duruwa" {drain, *Corrode Fragile Will+++ Int+4}
   (You took it off an orc in a bailey)

   Int:       It affects your intelligence (+4).
   *Corrode:  It may corrode you when you take damage.
   Fragile:   It will be destroyed if unequipped.
   Will:      It greatly increases your willpower.
Missiles
 d - 7 boomerangs of dispersal
 h - 7 boomerangs
 t - 7 poisoned darts (quivered)
 H - 4 throwing nets
 O - 11 javelins
Armour
 e - +0 steam dragon scales (worn)
Magical Staves
 p - a staff of poison
Jewellery
 u - a ring of protection from fire (right hand)
 C - an amulet of regeneration (around neck)
 E - an amulet of the acrobat
 N - a ring of wizardry (left hand)
Wands
 y - a wand of light (9)
 D - a wand of roots (4)
 F - a wand of mindburst (4)
 L - a wand of flame (32)
Scrolls
 b - a scroll of identify
 f - a scroll of summoning
 i - 7 scrolls of teleportation
 m - 6 scrolls of amnesia
 o - a scroll of magic mapping
 q - a scroll of enchant weapon {unknown}
 r - a scroll of fog {unknown}
 v - a scroll of poison
 w - a scroll of immolation {unknown}
 J - a scroll of noise {unknown}
 M - a scroll of enchant armour
Potions
 g - 2 potions of haste
 j - a potion of magic
 k - 5 potions of brilliance
 l - 2 potions of mutation
 n - a potion of resistance
 x - 2 potions of berserk rage
 A - 6 potions of curing
 B - 2 potions of heal wounds
 K - a potion of might


   Skills:
 - Level 2.0 Fighting
 - Level 3.9 Long Blades
 + Level 12.9 Staves
 - Level 0.8 Throwing
 - Level 0.8 Armour
 - Level 1.7 Dodging
 - Level 3.0 Stealth
 - Level 2.0 Spellcasting
 - Level 3.0 Hexes
 - Level 2.8 Translocations


You had 3 spell levels left.
You knew the following spells:

 Your Spells              Type           Power      Damage    Failure   Level
a - Blink                 Tloc           18%        N/A       4%          2
b - Lesser Beckoning      Tloc           18%        N/A       4%          2
c - Vhi's Electric Charg  Tloc/Air       10%        N/A       16%         3
d - Tukima's Dance        Hex            9%         N/A       9%          3

Your spell library contained the following spells:

 Spells                   Type           Power      Damage    Failure   Level
 Portal Projectile        Hex/Tloc       18%        N/A       9%          3
 Teleport Other           Tloc           9%         N/A       9%          3
 Manifold Assault         Tloc           9%         N/A       28%         4
 Blade Hands              Tmut           0%         N/A       92%         5
 Iskenderun's Battlesphe  Conj           1%         2d6       92%         5
 Iron Shot                Conj/Erth      0%         9d1       100%        6
 Spellforged Servitor     Conj/Summ      0%         N/A       100%        7


Dungeon Overview and Level Annotations

Branches:
Dungeon (9/15)             Temple (1/1) D:6          Bailey (1/1)
   Lair: D:8-11         Orc: D:9-12

Altars:
Ashenzari
Cheibriados
Hepliaklqana
Makhleb
Nemelex Xobeh
Okawaru
Qazlal
Ru
Sif Muna
Uskayaw
Vehumet
Wu Jian
Xom
Yredelemnul

Shops:
D:4 *(   D:5 *

Annotations:
D:3 4 runed translucent doors, Bediveer's ghost, amateur KoHu
D:4 1 runed translucent door, Ijyb; osoart's ghost, amateur DjFE


Innate Abilities, Weirdness & Mutations

You have hoof-like feet.
You have a pair of small horns on your head.
A demonic guardian rushes to your aid.
Spells you cast may paralyse adjacent enemies.
Your touch may inflict minor irresistible damage on your foes.


Message History

Things that are here:
a +0 plate armour; a +0 scale mail; an orc corpse A centaur comes into view.
It is wielding a +0 halberd.
The centaur shouts!
The centaur throws a javelin.
The javelin pierces through you.
Things that are here:
a +0 scale mail; an orc corpse The centaur throws a javelin.
The javelin closely misses you. The centaur barely misses you.
An orc warrior comes into view. It is wielding a +0 glaive.
The orc warrior shouts!
The centaur hits you with a +0 halberd.
The centaur kicks you but does no damage.
The centaur closely misses you. x2
You hit the centaur but do no damage. You kick the centaur, but do no damage.
You headbutt the centaur, but do no damage.
Your +0 spectral lajatang hits the centaur.
The centaur hits you with a +0 halberd! The centaur kicks you.
You slice the centaur!!
You headbutt the centaur, but do no damage.
The centaur is almost dead.
Your +0 spectral lajatang hits the centaur!!
You kill the centaur!
Qazlal accepts your kill.
An orc comes into view. It is wielding a +0 spear.
The orc warrior hits you from afar with a +0 glaive!
A centaur comes into view. It is wielding a +0 trident.
The orc warrior hits you with a +0 glaive!
* * * LOW HITPOINT WARNING * * *
A demonic guardian appears!
The centaur shouts!
You slash the orc warrior! You headbutt the orc warrior!
The orc warrior is severely wounded.
Your +0 spectral lajatang hits the orc warrior!
You kill the orc warrior!
Qazlal accepts your kill.
You are starting to lose your buoyancy.
An orc warrior comes into view. It is wielding a +0 spear.
The centaur throws a javelin.
The javelin pierces through you!
You die...

##..#≈≈.≈≈....≈≈≈≈≈≈≈....
.#..#####...≈≈≈~~~~~≈≈≈..
.#..'.)[...≈≈≈~≈≈≈≈≈o~≈≈.
.#..)[....)≈≈≈~~?:.≈≈≈~c.
.#..'..[..[≈≈≈~≈≈≈≈≈~~≈≈.
.#.)#####...≈≈≈~~~~~≈≈≈..
##..#≈≈[≈≈....≈≈≈≈≈≈≈....
#⌠).#≈≈≈(≈)...).4.)......
#)..#≈≈≈)≈≈.⌠...@.§...⌠.≈
#..[#≈≈≈≈.≈....○........≈
#...#≈≈≈≈.≈≈≈.........≈≈≈
....#≈≈≈≈≈..≈≈≈.....≈≈≈.o
....#≈≈≈≈≈≈≈..≈≈≈≈≈≈≈..≈≈
...###≈≈≈≈≈≈≈≈.......≈≈≈≈
..## ≈≈≈≈≈≈≈≈≈≈≈≈≈≈≈≈≈
≈## ≈≈≈≈≈≈≈≈≈≈≈≈≈≈≈ ##


You could see a centaur, an orc (ally target) and a friendly orange demon
(summoned).

Vanquished Creatures
  A two-headed ogre (D:8)
  Grinder (D:5)
  Sigmund (D:5)
  Eustachio (D:5)
  A steam dragon (D:8)
  4 water moccasins
  A black bear (D:6)
  6 orc warriors (Bailey)
  6 ice beasts
  An ogre (D:8)
  7 centaurs
  A bullfrog (D:9)
  A necrophage (D:6)
  2 scorpions
  7 wights (D:8)
  A howler monkey (D:7)
  3 hounds
  6 orc priests
  2 jellies
  An iguana (D:5)
  8 orc wizards
  4 gnolls
  8 adders
  An ufetubus (D:6)
  A worm (D:3)
  2 dart slugs (D:1)
  31 orcs
  10 ball pythons
  14 endoplasms
  5 goblins
  7 hobgoblins
  10 jackals
  4 quokkas
  3 bats
  7 frilled lizards
  5 kobolds
  6 rats
180 creatures vanquished.

Vanquished Creatures (collateral kills)
  2 orc warriors (Bailey)
  2 centaurs (Bailey)
  A gnoll sergeant (D:6)
  3 gnolls
  12 orcs (Bailey)
20 creatures vanquished.

Vanquished Creatures (others)
  5 dancing weapons (Bailey)
5 creatures vanquished.

Grand Total: 205 creatures vanquished

Notes
Turn   | Place    | Note
-------+----------+-------------------------------------------
     0 | D:1      | ragingrage the Demonspawn Warper began the quest for the
                  | Orb.
     0 | D:1      | Reached XP level 1. HP: 16/16 MP: 3/3
   153 | D:1      | Discovered your monstrous ancestry.
   153 | D:1      | Gained mutation: You have a pair of small horns on your
                  | head. [demonic ancestry]
   153 | D:1      | Reached XP level 2. HP: 21/22 MP: 5/5
   590 | D:1      | Reached XP level 3. HP: 26/27 MP: 6/6
   598 | D:1      | Learned a level 2 spell: Blink
   601 | D:1      | Learned a level 2 spell: Lesser Beckoning
  1562 | D:2      | Reached XP level 4. HP: 31/33 MP: 7/7
  2304 | D:3      | Found a runed translucent door.
  2305 | D:3      | Noticed Bediveer's ghost (amateur KoHu)
  2356 | D:3      | Found a runed translucent door.
  2361 | D:3      | Reached skill level 1 in Stealth
  2657 | D:3      | Found a large runed translucent door.
  2658 | D:3      | Found a large runed translucent door.
  2789 | D:3      | Reached skill level 1 in Staves
  3125 | D:4      | Noticed osoart's ghost (amateur DjFE)
  3127 | D:4      | Found a runed translucent door.
  3146 | D:4      | Found Onnus's General Store.
  3169 | D:4      | Gained mutation: You have large cloven feet. [demonic
                  | ancestry]
  3169 | D:4      | Reached XP level 5. HP: 33/38 MP: 8/8
  3241 | D:4      | Reached skill level 2 in Staves
  3301 | D:4      | Gained mutation: Your touch may inflict minor irresistible
                  | damage on your foes. [demonic ancestry]
  3301 | D:4      | Reached XP level 6. HP: 36/44 MP: 9/9
  3350 | D:4      | Bought a wand of roots (4) for 115 gold pieces
  3364 | D:4      | Noticed Ijyb
  3379 | D:5      | Entered Level 5 of the Dungeon
  3379 | D:5      | Noticed an ice beast
  3385 | D:5      | Killed an ice beast
  3386 | D:5      | Reached skill level 3 in Staves
  3441 | D:5      | Noticed Eustachio
  3449 | D:6      | Reached skill level 4 in Staves
  3835 | D:5      | Found Caesiz's Assorted Antiques.
  3844 | D:5      | Bought a gold wand for 80 gold pieces
  3844 | D:5      | Bought a scroll labelled IHAEXT MIUVINT for 20 gold pieces
  3851 | D:5      | Noticed Grinder
  3854 | D:5      | You fall into a shaft and drop 2 floors!
  4093 | D:5      | Killed Eustachio
  4094 | D:5      | Reached skill level 5 in Staves
  4094 | D:5      | Gained mutation: A weak demonic guardian rushes to your
                  | aid. [demonic ancestry]
  4094 | D:5      | Reached XP level 7. HP: 38/50 MP: 10/10
  4179 | D:5      | Found a shimmering altar of Xom.
  4180 | D:5      | Found a hazy altar of Hepliaklqana.
  4181 | D:5      | Noticed a spectral ugly thing
  4191 | D:5      | Noticed Sigmund
  4201 | D:5      | Killed Sigmund
  4202 | D:5      | Reached skill level 6 in Staves
  4325 | D:5      | Killed Grinder
  4326 | D:5      | Reached skill level 7 in Staves
  4326 | D:5      | Gained mutation: A demonic guardian rushes to your aid.
                  | [demonic ancestry]
  4326 | D:5      | Reached XP level 8. HP: 37/56 MP: 11/11
  4498 | D:4      | Found Bais's Weapon Shop.
  4506 | D:4      | Bought a throwing net for 33 gold pieces
  4937 | D:5      | Reached skill level 8 in Staves
  5351 | D:6      | Found a staircase to the Ecumenical Temple.
  5364 | Temple   | Entered the Ecumenical Temple
  5540 | Temple   | Became a worshipper of Qazlal Stormbringer
  5610 | D:6      | Found a snail-covered altar of Cheibriados.
  6116 | D:7      | Reached skill level 9 in Staves
  6294 | D:6      | HP: 1/56 [gnoll sergeant/+0 trident (9)]
  6297 | D:6      | Gained mutation: You have hoof-like feet. [demonic
                  | ancestry]
  6297 | D:6      | Reached XP level 9. HP: 2/61 MP: 12/12
  6878 | D:6      | Reached skill level 10 in Staves
  7662 | D:8      | Noticed a two-headed ogre
  7675 | D:8      | Killed a two-headed ogre
  7676 | D:8      | Reached skill level 11 in Staves
  8416 | D:8      | Reached * piety under Qazlal
  8616 | D:8      | Found a radiant altar of Vehumet.
  8616 | D:8      | Found a shimmering blue altar of Sif Muna.
  8728 | D:8      | Reached skill level 12 in Staves
  9211 | D:7      | Gained mutation: Spells you cast may paralyse adjacent
                  | enemies. [demonic ancestry]
  9211 | D:7      | Reached XP level 10. HP: 50/67 MP: 13/13
  9277 | D:7      | Learned a level 3 spell: Vhi's Electric Charge
  9626 | D:9      | Learned a level 3 spell: Tukima's Dance
  9687 | D:9      | Found a flagged portal.
  9697 | Bailey   | Entered a bailey
 10343 | Bailey   | Reached skill level 1 in Hexes
 10704 | Bailey   | Identified the +8 bardiche "Duruwa" {drain, *Corrode
                  | Fragile Will+++ Int+4}
 11279 | Bailey   | Reached ** piety under Qazlal
 11295 | Bailey   | Hit by a javelin thrown by a centaur

Illustrated notes

Levels and vault maps discovered:
D:1:      eino_arrival_cavern_e, layout_loops_cross, minmay_misc_feat_five,
          nrook_mini_backslash, serial_bayou_pond_e,
          chequers_serial_rivers_micro_b, minmay_hexomino_p4
D:2:      layout_basic, chequers_serial_rivers_micro_b,
          grunt_decor_mini_mirrors, minmay_misc_feat_ornament,
          nicolae_figureground_pulse
D:3:      layout_basic, jmf_multi_god_temple2, ebering_ghost_sewer_f,
          minmay_bisected
D:4:      layout_rooms, serial_shops, shop, nicolae_shop_bloodbath_and_beyond,
          hellmonk_ghost_happy_afterlife, uniq_ijyb
D:5:      layout_rooms, regret_index_temple_of_mockery, minmay_shop_grid_forest,
          nrook_mini_vaults, kennysheep_generic_room_3, uniq_grinder,
          uniq_sigmund, uniq_eustachio
D:6:      layout_basic, lemuel_coloured_pillars_altar, temple_fountains
D:7:      layout_basic
D:8:      layout_basic, gammafunk_temple_overflow_wave, grunt_ogre_cave
D:9:      layout_irregular_city, kennysheep_little_box, enter_bailey_2,
          serial_glass, glass_columns_a, glass_columns_a
Temple:   hellmonk_temple_forest_ring
Bailey:   bailey_polearm_flooded_kennysheep, bailey

Skill      XL: |  1  2  3  4  5  6  7  8  9 10 |
---------------+-------------------------------+-----
Long Blades    | 2 3 |  3.9
Stealth        | 2 3 |  3.0
Staves         | 1 2 5 7 9 12 | 12.9
Hexes          | 3 |  3.0
Fighting       | |  2.0
Throwing       | |  0.8
Armour         | |  0.8
Dodging        | |  1.7
Spellcasting   | |  2.0
Translocations | |  2.8

Action                     |  1- 3 |  4- 6 |  7- 9 | 10-12 || total
---------------------------+-------+-------+-------+-------++-------
  Melee: Falchion          |   124 |    11 |       |       ||   135
         Headbutt          |    14 |    14 |    21 |    10 ||    59
         Lajatang          |       |    72 |   120 |    24 ||   216
         Kick              |       |     6 |    29 |    15 ||    50
  Throw: Boomerang         |       |       |     1 |       ||     1
         Dart              |       |       |     6 |     5 ||    11
   Cast: Tukima's Dance    |       |       |       |    34 ||    34
  Evoke: Wand              |       |       |       |    11 ||    11
    Use: Scroll            |       |     6 |     3 |     6 ||    15
         Potion            |       |       |     3 |     2 ||     5
   Stab: Sleeping          |       |     7 |     4 |       ||    11
 Armour: Leather armour    |    31 |    17 |    19 |       ||    67
         Steam dragon scal |       |       |     3 |     6 ||     9
  Dodge: Dodged            |    82 |    43 |    49 |    32 ||   206
  Block: Other             |       |       |     1 |     2 ||     3

Table legend: (Time is in decaauts)
 A = Elapsed time spent in this place.
 B = Non-inter-level travel time spent in this place.
 C = Inter-level travel time spent in this place.
 D = Time resting spent in this place.
 E = Time spent auto-exploring this place.
 F = Levels seen in this place.
 G = Mean time per level.
                   A        B        C        D        E       F      G
               +--------+--------+--------+--------+--------+-----+--------+
         Total |  11330 |  10919 |    411 |   3335 |   5313 |  11 | 1030.0 |
       Dungeon |   9542 |   9161 |    381 |   2769 |   4981 |   9 | 1060.2 |
        Temple |    194 |    164 |     30 |      0 |    154 |   1 |  194.0 |
        Bailey |   1592 |   1592 |      0 |    566 |    178 |   1 | 1592.0 |
               +--------+--------+--------+--------+--------+-----+--------+

Top non-repeatable levels by time:
     D:6: 1964 daAuts
     D:8: 1827 daAuts
  Bailey: 1592 daAuts
     D:1: 1294 daAuts
     D:7: 1177 daAuts
     D:2: 961 daAuts
     D:4: 916 daAuts
     D:3: 724 daAuts
     D:5: 597 daAuts
  Temple: 194 daAuts
     D:9: 78 daAuts
